General information
			
			
        
        - name: Lordofpoo P:| L:16
 
        - type: Custom game
 
        - host: Lordofpoo
 
        - saver: BadAlertThree
 
        
map: EchoIsles 
        - players: 2
 
        - length: 24:46
 
        - speed: Fast
 - version: 1.22 W3XP
 - replay type:  Public
 
» download(177 KB)
Players
        team 1 (winner) 
              
              
Lordofpoo (
pink | 134 APM | 3327 actions | 24:46)
              
 4 Archmage 
 2 Summon Water Elemental
 2 Brilliance Aura
 5 Mountain King 
 3 Storm Bolt
 2 Bash
 1 Paladin 
 1 Holy Light
 
                » actions 
                
                | Assign group hotkey | 78 |  | 
| Basic commands | 212 |  | 
| Build / train | 81 |  | 
| ESC pressed | 4 |  | 
| Enter build submenu | 21 |  | 
| Enter hero's abilities submenu | 11 |  | 
| Give item / drop item | 3 |  | 
| Right click | 1486 |  | 
| Select / deselect | 814 |  | 
| Select group hotkey | 504 |  | 
| Use ability | 113 |  | 
                3327 total
 » units 
                
                | Peasant | 15 |  | 
| Footman | 6 |  | 
| Sorceress | 11 |  | 
| Spell Breaker | 7 |  | 
| Priest | 5 |  | 
| Gryphon Rider | 2 |  | 
                46 total
 » upgrades
                
                | Sorceress Training | 2 |  | 
| Swords | 2 |  | 
| Animal War Training | 1 |  | 
| Lumber Harvesting | 1 |  | 
                6 total
 » buildings
                
                | Altar of Kings | 1 |  | 
| Farm | 9 |  | 
| Barracks | 1 |  | 
| Arcane Vault | 2 |  | 
| Keep | 1 |  | 
| Arcane Sanctum | 2 |  | 
| Blacksmith | 1 |  | 
| Town Hall | 1 |  | 
| Castle | 1 |  | 
| Lumber Mill | 1 |  | 
| Gryphon Aviary | 2 |  | 
                22 total
 » build order
                00:04 Altar of Kings
00:11 Farm
00:28 Barracks
01:07 Farm
01:39 Arcane Vault
02:53 Keep
03:40 Farm
05:16 Arcane Sanctum
05:18 Arcane Sanctum
06:40 Arcane Vault
06:44 Farm
08:58 Farm
10:09 Farm
11:58 Farm
13:49 Blacksmith
16:44 Town Hall
19:33 Castle
20:14 Lumber Mill
21:17 Gryphon Aviary
21:18 Gryphon Aviary
22:05 Farm
22:07 Farm
» items
                
                | Lesser Clarity Potion | 3 |  | 
| Scroll of Regeneration | 3 |  | 
| Potion of Healing | 4 |  | 
| Scroll of Town Portal | 2 |  | 
| Scroll of Healing | 1 |  | 
                13 total
  
               team 2 (loser) 
              
              
BadAlertThree (
red | 140 APM | 3480 actions | 24:46)
              
 4 Far Seer 
 2 Feral Spirit
 2 Chain Lighting
 4 Shadow Hunter 
 2 Hex
 2 Healing Wave
 1 Tauren Chieftain 
 1 War Stomp
 
                » actions 
                
                | Assign group hotkey | 51 |  | 
| Basic commands | 150 |  | 
| Build / train | 73 |  | 
| ESC pressed | 3 |  | 
| Enter build submenu | 17 |  | 
| Enter hero's abilities submenu | 9 |  | 
| Right click | 1763 |  | 
| Select / deselect | 829 |  | 
| Select group hotkey | 447 |  | 
| Use ability | 138 |  | 
                3480 total
 » units 
                
                | Peon | 5 |  | 
| Grunt | 11 |  | 
| Spirit Walker | 5 |  | 
| Demolisher | 1 |  | 
| Wind Rider | 1 |  | 
| Raider | 1 |  | 
| Kodo Beast | 1 |  | 
| Tauren | 3 |  | 
                28 total
 » upgrades
                
                | Berserker Strength | 1 |  | 
| Spirit Walker Training | 2 |  | 
| Ensnare | 1 |  | 
| Armor | 1 |  | 
| Burning Oil | 1 |  | 
| Pulverize | 1 |  | 
                7 total
 » buildings
                
                | Altar of Storms | 1 |  | 
| Orc Burrow | 5 |  | 
| Barracks | 1 |  | 
| Voodoo Lounge | 4 |  | 
| Stronghold | 1 |  | 
| War Mill | 1 |  | 
| Spirit Lodge | 1 |  | 
| Beastiary | 1 |  | 
| Fortress | 1 |  | 
| Tauren Totem | 1 |  | 
| Great Hall | 1 |  | 
                18 total
 » build order
                00:03 Altar of Storms
00:05 Orc Burrow
00:38 Barracks
01:28 Orc Burrow
01:48 Voodoo Lounge
02:17 Voodoo Lounge
02:30 Voodoo Lounge
03:34 Stronghold
03:52 Orc Burrow
05:31 War Mill
06:48 Spirit Lodge
07:36 Orc Burrow
08:54 Beastiary
13:21 Fortress
16:38 Tauren Totem
20:51 Voodoo Lounge
22:01 Great Hall
22:43 Orc Burrow
» items
                
                | Healing Salve | 4 |  | 
| Scroll of Town Portal | 3 |  | 
| Lesser Clarity Potion | 11 |  | 
| Potion of Healing | 2 |  | 
| Scroll of Speed | 1 |  | 
| Potion of Mana | 3 |  | 
                24 total
  
                Chat log
          (00:10 / All) BadAlertThree: cant middle mouse click
(00:48 / All) BadAlertThree: congregate
(01:54 / All) BadAlertThree: badcraft3
(03:11 / All) BadAlertThree: owned
(03:40 / All) BadAlertThree: u like that
(03:43 / All) BadAlertThree: lmao
(03:44 / All) Lordofpoo: oh please
(03:50 / All) Lordofpoo: 50% tier 2 btw
(03:55 / All) BadAlertThree: oh no
(09:37 / All) BadAlertThree: really
(09:42 / All) Lordofpoo: yes
(11:54 / All) Lordofpoo: thats alto of simutanious grunt deaths imo
(14:06 / All) Lordofpoo: base race?
(16:15 / All) BadAlertThree: bull
(16:16 / All) BadAlertThree: shit
(17:08 / All) BadAlertThree: so lucky
(17:11 / All) BadAlertThree: im rusty
(17:15 / All) Lordofpoo: ORLY?
(17:16 / All) BadAlertThree: missing that hex
(17:49 / All) Lordofpoo: t3
(17:49 / All) Lordofpoo: why